 Dungeon Sprint DCSS version 0.21-a0-460-g737a915 (webtiles) character file.

5 esteth the Conjurer (level 1, 0/10 HPs)
             Began as a Deep Elf Conjurer on Nov 20, 2017.
             Slain by a sixfirhy (10 damage)
             ... in the Dungeon (Sprint VII: "The Pits").
             The game lasted 00:00:38 (151 turns).

esteth the Conjurer (Deep Elf Conjurer)              Turns: 151, Time: 00:00:39

Health: 0/10       AC:  2    Str:  5    XL:     1   Next: 66%
Magic:  6/6        EV: 13    Int: 19    God:
Gold:   0          SH:  0    Dex: 15    Spells: 5/6 levels left

rFire    . . .     SeeInvis .   (no weapon)
rCold    . . .     Gourm    .   (no shield)
rNeg     . . .     Faith    .   a - +0 robe
rPois    .         Spirit   .   (no helmet)
rElec    .         Reflect  .   (no cloak)
rCorr    .         Harm     .   (no gloves)
MR       .....     NoTele   +   (no boots)
Stlth    ++........             (no amulet)
HPRegen  0.03/turn              (no ring)
MPRegen  0.10/turn              (no ring)

@: no status effects
A: no striking features
a: no special abilities


You were in the Dungeon.
You were not hungry.

You visited 1 branch

Inventory:

Armour
 a - a +0 robe (worn)
Scrolls
 i - a scroll of blinking
Potions
 d - a potion of curing
 e - a potion of heal wounds
 f - a potion of haste
 g - 2 potions of magic
 h - a potion of berserk rage
Books
 b - a book of Conjurations

   Spells                             Type                      Level
   a - Magic Dart                     Conjuration                  1
   b - Searing Ray                    Conjuration                  2
   c - Dazzling Spray                 Conjuration/Hexes            3
   d - Fulminant Prism                Conjuration/Hexes            4
   e - Force Lance                    Conjuration/Translocation    4
   f - Iskenderun's Mystic Blast      Conjuration                  4
Comestibles
 c - a bread ration
 j - 2 chunks of flesh


   Skills:
 - Level 2.4 Dodging
 - Level 2.4 Stealth
 - Level 3.0 Spellcasting
 + Level 5.9 Conjurations


You had 5 spell levels left.
You knew the following spells:

 Your Spells              Type           Power        Failure   Level  Hunger
a - Magic Dart            Conj           ####         1%          1    None


Dungeon Overview and Level Annotations

Branches:
Dungeon (1/1)

Altars:


Message History

There is a huge open gate to the Main Hall (Safe) here.
There is a huge open gate to the Grid Vault (Hard) here.
You open the huge gate.
There is a huge open gate to a Minivault (Hard) here.
There is a huge open gate to a Minivault (Hard) here.
You open the door.
A catoblepas, 2 swamp dragons, a death knight, an iron troll and a white draconian come into view.
The white draconian roars!
The death knight shouts!
The swamp dragon roars deafeningly! x2; The catoblepas bellows!
The iron troll moves out of view.
The catoblepas roars fiercely, eyes lowered.
Found six items.
The death knight moves out of view.
A sixfirhy and a flayed ghost come into view.
The sixfirhy closely misses you.
The flayed ghost cries, "Suffer as I suffered!"
Found 6 royal jellies and a book of Burglary.
The sixfirhy hits you!
Ouch! That really hurt!
You die...

#..........
###########..#....#..
.........''..........
.........''..........
#######..##..#....#..
#..##..........
#..##..........
#..####''####++
#..####@'###
#..##..3...#
##########..##D#'##.#
............##.#DT+.#
............##d'Wp# #
#''###########.#Y}+
#''###### #.+:|#
........# #.##+#
.#......# #..


You could see an iron troll, a death knight, a catoblepas, 2 swamp dragons, a
flayed ghost and a sixfirhy.

Vanquished Creatures
  A worm (D)
  A leopard gecko (D)
2 creatures vanquished.

Notes
Turn   | Place    | Note
-------+----------+-------------------------------------------
     0 | D        | esteth the Deep Elf Conjurer began the quest for the Orb.
     0 | D        | Reached XP level 1. HP: 10/10 MP: 6/6
    13 | D        | Noticed a freezing wraith
    20 | D        | Reached skill level 5 in Conjurations
   148 | D        | Noticed a white draconian
   148 | D        | Noticed an iron troll
   148 | D        | Noticed a swamp dragon
   148 | D        | Noticed a swamp dragon
   148 | D        | Noticed a catoblepas
   148 | D        | Noticed a death knight
   150 | D        | Noticed a flayed ghost
   150 | D        | Noticed a sixfirhy
   151 | D        | Slain by a sixfirhy

Vault maps used:
D:        pitsprint

Skill      XL: |  1 |
---------------+----+-----
Conjurations   | 5 |  5.9
Dodging        | |  2.4
Stealth        | |  2.4
Spellcasting   | |  3.0

Action                   || total
-------------------------++-------
 Cast: Magic Dart        ||     8
Dodge: Dodged            ||     1

Table legend:
 A = Spawn XP
 B = Non-spawn XP
 C = Spawn XP percentage of total XP
 D = Spawn monster count
 E = Non-spawn monster count
 F = Spawn count percentage of total count
 G = Total turns spent on level
                    A         B        C        D         E        F      G
               +---------+---------+-------+---------+---------+-------+---------
         Total |       0 |       8 |   0.0 |       0 |       2 |   0.0 |   151
               +---------+---------+-------+---------+---------+-------+---------
             D |       0 |       8 |   0.0 |       0 |       2 |   0.0 |   151
               +---------+---------+-------+---------+---------+-------+---------
